 Dungeon Crawl Stone Soup version 0.29-a0-103-g37f86683bf (webtiles) character file.

Game seed: 14499964836729150748

1397 frimble the Chiller (level 8, -4/53 (58) HPs)
             Began as a Gnoll Ice Elementalist on Feb 15, 2022.
             Slain by a wight (8 damage)
             ... on level 6 of the Dungeon.
             The game lasted 00:05:44 (6599 turns).

frimble the Chiller (Gnoll Ice Elementalist)        Turns: 6599, Time: 00:05:45

HP:   -4/53 (58)    AC:  7    Str: 10    XL:     8   Next: 69%
MP:   13/17         EV: 18    Int: 14    God:
Gold: 214           SH:  0    Dex: 13    Spells: 12/19 levels left

rFire   . . .      SeeInvis .   b - +4 lajatang (speed)
rCold   . . .      Faith    .   (shield currently unavailable)
rNeg    . . .      Spirit   .   a - +1 robe
rPois   .          Reflect  .   (no helmet)
rElec   .          Harm     .   (no cloak)
rCorr   .          Rampage  .   (no gloves)
Will    .....                   (no boots)
Stlth   +++.......              (no amulet)
HPRegen 0.17/turn               h - +4 ring of protection
MPRegen 0.15/turn               p - +4 ring of evasion

@: studying Bows, drained
A: fangs 1, strong nose, distributed training
a: no special abilities


You were on level 6 of the Dungeon.
You visited 1 branch of the dungeon, and saw 6 of its levels.

You collected 249 gold pieces.
You spent 35 gold pieces at shops.

Inventory:

Hand Weapons
 b - a +4 lajatang of speed (weapon)
 e - a +0 dagger
Armour
 a - a +1 robe (worn)
Jewellery
 c - a ring of magical power
 h - a +4 ring of protection (left hand)
 o - a ring of willpower
 p - a +4 ring of evasion (right hand)
 r - an amulet of guardian spirit
Wands
 m - a wand of flame (23)
Scrolls
 d - a scroll of fog
 g - a scroll of amnesia
 j - 4 scrolls of teleportation
 k - a scroll of magic mapping
 q - a scroll of identify
Potions
 f - 4 potions of haste
 i - 4 potions of curing
 l - 3 potions of lignification
 n - a potion of flight
 s - 2 potions of invisibility


   Skills:
 + Level 3.5 Fighting
 + Level 3.5 Short Blades
 + Level 3.5 Long Blades
 + Level 3.5 Axes
 + Level 3.5 Maces & Flails
 + Level 3.5 Polearms
 + Level 3.5 Staves
 + Level 3.5 Slings
 + Level 4.5 Bows
 + Level 3.5 Crossbows
 + Level 3.5 Throwing
 + Level 3.5 Armour
 + Level 5.8 Dodging
 + Level 5.5 Stealth
 + Level 3.5 Shields
 + Level 3.5 Unarmed Combat
 + Level 6.1 Spellcasting
 + Level 2.8 Conjurations
 + Level 2.8 Hexes
 + Level 2.8 Summonings
 + Level 2.8 Necromancy
 + Level 2.8 Translocations
 + Level 2.8 Transmutations
 + Level 2.8 Fire Magic
 + Level 7.7 Ice Magic
 + Level 2.8 Air Magic
 + Level 2.8 Earth Magic
 + Level 2.8 Poison Magic
 + Level 3.8 Invocations
 + Level 3.5 Evocations


You had 12 spell levels left.
You knew the following spells:

 Your Spells              Type           Power      Damage    Failure   Level
a - Freeze                Ice            100%       1d11      1%          1
b - Ozocubu's Armour      Ice            26%        N/A       1%          3
c - Frozen Ramparts       Ice            52%        1d7       1%          3

Your spell library contained the following spells:

 Spells                   Type           Power      Damage    Failure   Level
 Sting                    Tmut/Pois      48%        1d5       4%          1
 Poisonous Vapours        Pois/Air       24%        N/A       7%          2
 Static Discharge         Conj/Air       12%        N/A       7%          2
 Hailstorm                Conj/Ice       19%        3d6       17%         4
 Dispel Undead            Necr           12%        3d9       43%         4
 Olgreb's Toxic Radiance  Pois           12%        N/A       43%         4
 Sticky Flame             Conj/Fire      12%        2d4       43%         4
 Lightning Bolt           Conj/Air       6%         1d18      78%         5
 Maxwell's Capacitive Co  Air            6%         ∞         100%        8


Dungeon Overview and Level Annotations

Branches:
Dungeon (6/15)             Temple (0/1) D:6

Altars:
Qazlal

Shops:
D:2 ?   D:3 *

Annotations:
D:6 Pikel


Innate Abilities, Weirdness & Mutations

You have very sharp teeth.
Your uncanny sense of smell can sniff out nearby items.
Your experience applies equally to all skills.


Message History

The wight completely resists.
The wall freezes the wight but does no damage.
The wight hits you but does no damage.
The wall freezes Pikel.
The wall freezes the lemure.
The wight completely resists.
The wall freezes the wight but does no damage.
The wight misses you.
The wall freezes Pikel.
The wall freezes the lemure!
The wight completely resists.
The wall freezes the wight but does no damage.
The wight barely misses you.
The wall freezes Pikel.
The wall freezes the lemure.
The wight resists.
The wall freezes the wight.
The wight hits you from afar with a +4 spear of freezing!
You feel drained. The wight freezes you.
The frozen ramparts melt away.
The wight misses you.
Your icy armour will break if you move.
Continue?
Your icy armour cracks and falls away as you move.
The wight hits you with a +4 spear of freezing.
The wight freezes you.
Things that are here:
a +0 falchion; a +0 robe You barely miss the wight.
The wight is moderately damaged.
You hit the wight. You bite the wight.
The wight is severely damaged.
The wight barely misses you.
You barely miss the wight. You bite the wight, but do no damage.
The wight is severely damaged.
The wight hits you with a +4 spear of freezing!
* * * LOW HITPOINT WARNING * * *
You feel drained. The wight freezes you.
* * * LOW HITPOINT WARNING * * *
The wight hits you from afar with a +4 spear of freezing.
* * * LOW HITPOINT WARNING * * *
The wight freezes you.
* * * LOW HITPOINT WARNING * * *
There is a stone staircase leading up, spattered with blood here.
The wight hits you from afar with a +4 spear of freezing!
You die...

##.. #..## ##.# ....#
#. #.## #...##... ...
##........ ##.#
.zK...5.# ##.#
#zz5.z# ...#### #)#
......# ####5#
##.##.# #@)zK#
##.##.##########.####
##..................#
#####.##########.##.#
#####.# #.# # ....[.#
#.# ####### #.# #..∆
###


You could see Pikel, a lemure and a wight.

Vanquished Creatures
  Grinder (D:6)
  An ice beast (D:5)
  3 black bears
  2 ogres
  3 lemures
  Blork the orc (D:4)
  A scorpion (D:5)
  3 wights (D:6)
  A hound (D:5)
  A bullfrog zombie (D:3)
  4 orc priests
  A bullfrog skeleton (D:5)
  2 orc wizards (D:6)
  2 iguanas
  4 adders
  3 worms
  3 dart slugs
  17 orcs
  8 ball pythons
  14 endoplasms
  4 goblins
  3 hobgoblins
  2 jackals (D:5)
  6 quokkas
  A bat (D:2)
  A frilled lizard (D:1)
  5 kobolds
  2 rats
99 creatures vanquished.

Notes
Turn   | Place    | Note
-------+----------+-------------------------------------------
     0 | D:1      | frimble the Gnoll Ice Elementalist began the quest for the
                  | Orb.
     0 | D:1      | Reached XP level 1. HP: 13/13 MP: 6/6
   630 | D:1      | Reached XP level 2. HP: 11/19 MP: 7/7
  1645 | D:1      | Found a faded altar of an unknown god.
  2078 | D:2      | Reached skill level 5 in Spellcasting
  2078 | D:2      | Reached XP level 3. HP: 13/25 MP: 9/9
  2273 | D:2      | Found Omarrosi's Magic Scroll Shop.
  2279 | D:2      | Identified a scroll of acquirement
  2279 | D:2      | Acquired a +4 lajatang of speed
  2413 | D:2      | Bought a scroll of magic mapping for 35 gold pieces
  2687 | D:2      | Reached skill level 1 in Invocations
  3094 | D:2      | Reached skill level 1 in Fighting
  3094 | D:2      | Reached skill level 1 in Short Blades
  3094 | D:2      | Reached skill level 1 in Long Blades
  3094 | D:2      | Reached skill level 1 in Axes
  3094 | D:2      | Reached skill level 1 in Maces & Flails
  3094 | D:2      | Reached skill level 1 in Polearms
  3094 | D:2      | Reached skill level 1 in Staves
  3094 | D:2      | Reached skill level 1 in Slings
  3094 | D:2      | Reached skill level 1 in Bows
  3094 | D:2      | Reached skill level 1 in Crossbows
  3094 | D:2      | Reached skill level 1 in Throwing
  3094 | D:2      | Reached skill level 1 in Armour
  3094 | D:2      | Reached skill level 1 in Shields
  3094 | D:2      | Reached skill level 1 in Unarmed Combat
  3094 | D:2      | Reached skill level 1 in Evocations
  3111 | D:3      | Found Gunoerphile's General Store.
  3118 | D:2      | Reached XP level 4. HP: 32/32 MP: 11/11
  3122 | D:2      | Learned a level 3 spell: Ozocubu's Armour
  3126 | D:2      | Learned a level 3 spell: Frozen Ramparts
  3265 | D:3      | Reached skill level 1 in Conjurations
  3265 | D:3      | Reached skill level 1 in Hexes
  3265 | D:3      | Reached skill level 1 in Summonings
  3265 | D:3      | Reached skill level 1 in Necromancy
  3265 | D:3      | Reached skill level 1 in Translocations
  3265 | D:3      | Reached skill level 1 in Transmutations
  3265 | D:3      | Reached skill level 1 in Fire Magic
  3265 | D:3      | Reached skill level 1 in Air Magic
  3265 | D:3      | Reached skill level 1 in Earth Magic
  3265 | D:3      | Reached skill level 1 in Poison Magic
  3350 | D:3      | Reached XP level 5. HP: 22/37 MP: 12/12
  3967 | D:3      | Reached XP level 6. HP: 7/44 MP: 6/13
  4696 | D:4      | Noticed a fire elemental
  4698 | D:4      | Found a stormy altar of Qazlal.
  4704 | D:4      | Noticed Blork the orc
  4714 | D:4      | Killed Blork the orc
  4715 | D:4      | Reached skill level 5 in Dodging
  4769 | D:4      | Noticed an air elemental
  4784 | D:4      | Noticed a water elemental
  4962 | D:4      | Noticed a black bear
  4977 | D:4      | Killed a black bear
  5230 | D:5      | Entered Level 5 of the Dungeon
  5241 | D:5      | Noticed a black bear
  5243 | D:5      | Noticed an ice beast
  5251 | D:5      | Killed a black bear
  5252 | D:5      | Reached XP level 7. HP: 51/51 MP: 5/15
  5465 | D:5      | Reached skill level 5 in Stealth
  6031 | D:6      | Reached XP level 8. HP: 57/57 MP: 16/16
  6050 | D:6      | Found a staircase to the Ecumenical Temple.
  6052 | D:6      | Noticed Grinder
  6064 | D:6      | Paralysed by Grinder for 3 turns
  6070 | D:6      | Killed Grinder
  6419 | D:6      | Noticed Pikel
  6599 | D:6      | Slain by a wight

Illustrated notes

Levels and vault maps discovered:
D:1:      minmay_arrival_open_corners, layout_basic,
          shapermc_ecumenical_altar_mp_ritualfount,
          nicolae_concentric_dashed_squares_wild, moated_statue
D:2:      layout_loops_ring, serial_shops,
          nicolae_shop_competitors_out_of_business, nrook_loot_triangle
D:3:      layout_basic, serial_shops, nicolae_shop_competitors_out_of_business
D:4:      layout_cave_pools, nicolae_qazlal_style_of_elements,
          minmay_misc_feat_nine_boxes, minmay_misc_feat_tower,
          uniq_blork_the_orc
D:5:      layout_loops_ring, chequers_serial_rivers_large_a
D:6:      layout_loops_ring, amcnicky_altar_gilded,
          mainiacjoe_overflow_boulevard, minmay_temple_entry_grid, uniq_grinder,
          uniq_crazy_yiuf_cottage, uniq_pikel

Skill      XL: |  1  2  3  4  5  6  7  8 |
---------------+-------------------------+-----
Spellcasting   | 5 6 |  6.1
Invocations    | 1 2 3 |  3.8
Fighting       | 1 2 3 |  3.5
Short Blades   | 1 2 3 |  3.5
Long Blades    | 1 2 3 |  3.5
Axes           | 1 2 3 |  3.5
Maces & Flails | 1 2 3 |  3.5
Polearms       | 1 2 3 |  3.5
Staves         | 1 2 3 |  3.5
Slings         | 1 2 3 |  3.5
Bows           | 1 2 3 4 |  4.5
Crossbows      | 1 2 3 |  3.5
Throwing       | 1 2 3 |  3.5
Armour         | 1 2 3 |  3.5
Shields        | 1 2 3 |  3.5
Unarmed Combat | 1 2 3 |  3.5
Evocations     | 1 2 3 |  3.5
Conjurations   | 1 2 |  2.8
Hexes          | 1 2 |  2.8
Summonings     | 1 2 |  2.8
Necromancy     | 1 2 |  2.8
Translocations | 1 2 |  2.8
Transmutations | 1 2 |  2.8
Fire Magic     | 1 2 |  2.8
Air Magic      | 1 2 |  2.8
Earth Magic    | 1 2 |  2.8
Poison Magic   | 1 2 |  2.8
Dodging        | 5 |  5.8
Stealth        | 5 |  5.5
Ice Magic      | |  7.7

Action                   |  1- 3 |  4- 6 |  7- 9 || total
-------------------------+-------+-------+-------++-------
Melee: Dagger            |    72 |       |       ||    72
       Unarmed           |     4 |       |       ||     4
       Bite              |    12 |     4 |    11 ||    27
       Punch             |     2 |       |       ||     2
       Lajatang          |    35 |    83 |    70 ||   188
 Cast: Freeze            |    23 |     2 |       ||    25
       Ozocubu's Armour  |       |     7 |     5 ||    12
       Frozen Ramparts   |       |     3 |     5 ||     8
Evoke: Wand              |       |       |     2 ||     2
  Use: Scroll            |     7 |     6 |     3 ||    16
 Stab: Sleeping          |     4 |     4 |       ||     8
Armor: Robe              |    11 |     9 |    18 ||    38
Dodge: Dodged            |    76 |    73 |    45 ||   194

Table legend: (Time is in decaauts)
 A = Elapsed time spent in this place.
 B = Non-inter-level travel time spent in this place.
 C = Inter-level travel time spent in this place.
 D = Time resting spent in this place.
 E = Time spent auto-exploring this place.
 F = Levels seen in this place.
 G = Mean time per level.
                   A        B        C        D        E       F      G
               +--------+--------+--------+--------+--------+-----+--------+
         Total |   6582 |   6487 |     95 |    131 |   5583 |   6 | 1097.0 |
       Dungeon |   6582 |   6487 |     95 |    131 |   5583 |   6 | 1097.0 |
               +--------+--------+--------+--------+--------+-----+--------+

Top non-repeatable levels by time:
     D:1: 1999 daAuts
     D:3: 1370 daAuts
     D:2: 1119 daAuts
     D:5: 923 daAuts
     D:4: 724 daAuts
     D:6: 444 daAuts
